 Dungeon Crawl Stone Soup version 0.30.0-15-g856e2d3f33 (webtiles) character file.

Game seed: 6272283249874113526

907 MacCMillion the Cleaver (level 8, 0/64 HPs)
             Began as a Hill Orc Fighter on May 19, 2023.
             Was a Believer of Uskayaw.
             Slain by Edmund
             ... wielding a +2 dire flail of venom
              (11 damage)
             ... on level 5 of the Dungeon.
             The game lasted 00:04:49 (4107 turns).

MacCMillion the Cleaver (Hill Orc Fighter)          Turns: 4107, Time: 00:04:50

Health: 0/64       AC: 13    Str: 27    XL:     8   Next: 8%
Magic:  11/11      EV:  8    Int:  8    God:    Uskayaw [**....]
Gold:   176        SH:  6    Dex: 10    Spells: 7/7 levels left

rFire   . . .        a - +0 war axe
rCold   . . .        b - +2 buckler
rNeg    . . .        s - +0 chain mail
rPois   .            (no helmet)
rElec   .            (no cloak)
rCorr   .            q - +2 pair of gloves
SInv    .            g - +0 pair of boots
Will    .....        (no amulet) Stlth
                     o - +6 ring of strength
HPRegen 0.30/turn    (no ring)
MPRegen 0.12/turn

%: no passive effects
@: lethally poisoned (0 -> -7)
A: no striking features
a: Renounce Religion, Stomp, Line Pass


You were on level 5 of the Dungeon.
You worshipped Uskayaw.
Uskayaw was noncommittal.
You visited 2 branches of the dungeon, and saw 6 of its levels.

You collected 176 gold pieces.

Inventory:

Hand Weapons
 a - a +0 war axe (weapon)
Missiles
 p - 7 poisoned darts (quivered)
Armour
 b - a +2 buckler (worn)
 g - a +0 pair of boots (worn)
 q - a +2 pair of gloves (worn)
 s - a +0 chain mail (worn)
Jewellery
 o - a +6 ring of strength (left hand)
Scrolls
 f - a scroll of immolation {unknown}
 h - a scroll of enchant armour {unknown}
 j - a scroll of torment {unknown}
 k - 6 scrolls of identify {unknown}
 l - 2 scrolls of teleportation {unknown}
 m - 2 scrolls of magic mapping {unknown}
 t - 2 scrolls of fog {unknown}
 u - a scroll of acquirement {unknown}
 v - a scroll of poison {unknown}
 w - a scroll of noise {unknown}
 x - 2 scrolls of vulnerability {unknown}
 y - a scroll of brand weapon {unknown}
Potions
 c - 2 potions of flight {unknown}
 d - 2 potions of might
 e - a potion of haste {unknown}
 i - a potion of invisibility {unknown}
 n - 3 potions of curing {unknown}
 r - 2 potions of lignification {unknown}
 z - a potion of mutation {unknown}
 A - a potion of cancellation {unknown}


   Skills:
 - Level 3.6 Fighting
 + Level 10.0 Axes
 + Level 3.8 Armour
 - Level 4.0 Shields
 + Level 5.1 Invocations


You had 7 spell levels left.
You didn't know any spells.
Your spell library contained the following spells:

 Spells                   Type           Power      Damage    Failure   Level
 Summon Small Mammal      Summ           0%         N/A       94%         1
 Call Canine Familiar     Summ           0%         N/A       100%        3
 Dazzling Flash           Conj/Hex       0%         N/A       100%        3
 Frozen Ramparts          Ice            0%         1d1       100%        3
 Hailstorm                Conj/Ice       0%         3d3       100%        3
 Summon Guardian Golem    Hex/Summ       0%         N/A       100%        3
 Ice Form                 Ice/Tmut       0%         N/A       100%        4
 Summon Ice Beast         Ice/Summ       0%         N/A       100%        4
 Agony                    Necr           0%         N/A       100%        5
 Silence                  Hex/Air        0%         N/A       100%        5
 Simulacrum               Ice/Necr       0%         N/A       100%        6


Dungeon Overview and Level Annotations

Branches:
Dungeon (5/15)             Temple (1/1) D:4

Altars:
Fedhas
Gozag
Hepliaklqana
Makhleb
Qazlal
Sif Muna
Uskayaw
Vehumet
Wu Jian
The Shining One

Shops:
D:4 *

Annotations:
D:4 1 runed translucent door, shayaa's ghost, amateur BaFi
D:5 Edmund


Message History

You barely miss Edmund. You closely miss the orc.
You feel sick. You block the orc's attack.
Edmund hits you with a +2 dire flail of venom!
You are more poisoned.
You can now pass through a line of other dancers.
You hit Edmund.
Edmund is lightly wounded.
You completely miss the orc.
You feel very sick.
Edmund asks, "Have you met my wondrous brother?"
Edmund misses you. The orc closely misses you.
You hit Edmund.
Edmund is moderately wounded.
You slash the orc!
You kill the orc!
You feel very sick. Edmund barely misses you.
You hit Edmund.
Edmund is moderately wounded.
You feel sick.
Edmund hits you with a +2 dire flail of venom.
You are more poisoned.
You hit Edmund but do no damage.
Edmund is moderately wounded.
You feel very sick.
Edmund says, "Everyone always remembers my brother. 'Who's Edmund?' they ask!"
Edmund hits you with a +2 dire flail of venom.
You are too injured to fight recklessly!
Unknown command.
You barely miss Edmund.
Edmund is moderately wounded.
You feel very sick.
Edmund hits you with a +2 dire flail of venom! x2
* * * LOW HITPOINT WARNING * * *
Unknown command.
You slash Edmund!
Edmund is severely wounded.
You feel very sick.
Edmund hits you with a +2 dire flail of venom!
You die...

. ... .# ## # .. .#
.## .##.## .## ..#
..... ..## ... #...
...## .. #...#....#
.. #..## #.@)..# .
###..... #)@..#
##........# ###..##
#.........# #....#
..........####..###
...........#...##
..............##
........⌠.....#
......÷÷....###
........<...#


You could see Edmund.

Vanquished Creatures
  A water moccasin (D:5)
  A black bear (D:5)
  A centaur (D:5)
  An ogre (D:4)
  A gnoll sergeant (D:5)
  A scorpion (D:4)
  A howler monkey (D:4)
  2 hounds
  Terence (D:3)
  Jessica (D:3)
  3 iguanas (D:4)
  Robin (D:3)
  4 adders
  5 gnolls (D:5)
  2 worms
  A dart slug (D:2)
  9 orcs
  8 ball pythons
  6 endoplasms
  5 giant cockroaches
  16 goblins
  4 hobgoblins
  9 jackals
  A quokka (D:1)
  A bat (D:1)
  6 frilled lizards
  5 kobolds
  9 rats
106 creatures vanquished.

Notes
Turn   | Place    | Note
-------+----------+-------------------------------------------
     0 | D:1      | MacCMillion the Hill Orc Fighter began the quest for the
                  | Orb.
     0 | D:1      | Reached XP level 1. HP: 19/19 MP: 1/1
    61 | D:1      | Reached skill level 3 in Axes
   141 | D:1      | Reached XP level 2. HP: 26/26 MP: 2/2
   330 | D:1      | You fall into a shaft and drop 1 floor!
   547 | D:1      | Reached XP level 3. HP: 31/31 MP: 3/3
   689 | D:1      | Found a faded altar of an unknown god.
  1176 | D:2      | Reached skill level 4 in Axes
  1541 | D:3      | Noticed Terence
  1557 | D:3      | Killed Terence
  1558 | D:3      | Reached XP level 4. HP: 16/39 MP: 4/4
  1767 | D:3      | Reached skill level 5 in Axes
  1873 | D:3      | Noticed Robin
  1881 | D:3      | Killed Robin
  1975 | D:3      | Reached XP level 5. HP: 45/45 MP: 5/5
  2130 | D:3      | Noticed Jessica
  2144 | D:3      | Killed Jessica
  2145 | D:3      | Reached skill level 6 in Axes
  2479 | D:4      | Found a staircase to the Ecumenical Temple.
  2489 | Temple   | Entered the Ecumenical Temple
  2626 | Temple   | Became a worshipper of Uskayaw the Reveller
  2639 | D:4      | Noticed an ogre
  2640 | D:4      | Reached * piety under Uskayaw
  2688 | D:4      | Reached ** piety under Uskayaw
  2693 | D:4      | Reached *** piety under Uskayaw
  2694 | D:4      | Killed an ogre
  2695 | D:4      | Reached skill level 7 in Axes
  2695 | D:4      | Reached XP level 6. HP: 43/51 MP: 6/6
  2731 | D:4      | Found Neonoedgh's Assorted Antiques.
  2775 | D:4      | Reached **** piety under Uskayaw
  2776 | D:4      | Reached skill level 1 in Invocations
  2778 | D:4      | Reached skill level 8 in Axes
  3013 | D:4      | Reached XP level 7. HP: 57/57 MP: 9/9
  3107 | D:4      | Found a runed translucent door.
  3108 | D:4      | Noticed shayaa's ghost (amateur BaFi)
  3808 | D:5      | Entered Level 5 of the Dungeon
  3836 | D:5      | Reached skill level 9 in Axes
  3896 | D:5      | Reached skill level 5 in Invocations
  3901 | D:5      | Reached ***** piety under Uskayaw
  3902 | D:5      | Reached skill level 10 in Axes
  3902 | D:5      | Reached XP level 8. HP: 45/64 MP: 11/11
  4004 | D:5      | Found a stormy altar of Qazlal.
  4091 | D:5      | Noticed Edmund
  4107 | D:5      | Slain by Edmund

Illustrated notes

Levels and vault maps discovered:
D:1:      ncdulo_wetmaze, layout_loops_ring, shapermc_ecumenical_altar_ellora
D:2:      layout_basic, minmay_hexomino_u4
D:3:      layout_basic, uniq_robin, uniq_terence, uniq_jessica
D:4:      cheibrodos_helix_gallery, layout_basic, minmay_temple_entry_ruins,
          serial_shops, shop, hellmonk_ghost_happy_afterlife,
          hangedman_abyss_or_decor_stagger, chequers_serial_rivers_room_a,
          minmay_strange_pillars
D:5:      layout_cave_pools, mainiacjoe_overflow_tiny_flanked,
          grunt_ministairs_1, uniq_edmund
Temple:   nicolae_temple_figure_zero

Skill      XL: |  1  2  3  4  5  6  7 |
---------------+----------------------+-----
Axes           | 3 4 5 7 8 10 | 10.0
Shields        | 4 |  4.0
Invocations    | 3 5 |  5.1
Fighting       | |  3.6
Armour         | |  3.8

Action                     |  1- 3 |  4- 6 |  7- 9 || total
---------------------------+-------+-------+-------++-------
  Melee: War axe           |   143 |   119 |    64 ||   326
   Stab: Paralysed         |       |     3 |     5 ||     8
 Armour: Scale mail        |    62 |    19 |       ||    81
         Chain mail        |       |    43 |    46 ||    89
  Dodge: Dodged            |    76 |    48 |    27 ||   151
  Block: Buckler           |    31 |    32 |    33 ||    96
